 Dungeon Crawl Stone Soup version 0.31-a0-210-gccc998df9b (webtiles) character file.

Game seed: 13851254770461405959

88 qw the Shield-Bearer (level 4, -4/28 HPs)
             Began as a Gargoyle Fighter on June 30, 2023.
             Slain by Sigmund
             ... wielding a +2 scythe of venom
              (6 damage)
             ... on level 2 of the Dungeon.
             The game lasted 00:00:35 (1302 turns).

qw the Shield-Bearer (Gargoyle Fighter)             Turns: 1302, Time: 00:00:36

Health: -4/28      AC: 12    Str: 21    XL:     4   Next: 53%
Magic:  4/4        EV:  6    Int:  9    God:
Gold:   92         SH:  8    Dex:  9    Spells: 3/3 levels left

rFire   . . .        Y - +1 war axe
rCold   . . .        o - +0 kite shield
rNeg    + . .        h - +0 chain mail
rPois   inf          (no helmet)
rElec   +            (no cloak)
rCorr   .            (no gloves)
SInv    .            (no boots)
Will    .....        j - amulet of the acrobat Stlth
                     (no ring)
HPRegen 0.24/turn    (no ring)
MPRegen 0.09/turn

%: acrobat
@: no status effects
A: sickness immunity, AC +3, negative energy resistance 1, electricity
resistance, torment resistance 1, petrification resistance
a: no special abilities


You were on level 2 of the Dungeon.
You visited 1 branch of the dungeon, and saw 2 of its levels.

You collected 92 gold pieces.


Innate Abilities, Weirdness & Mutations

You are immune to sickness and miasma.
Your stone body is resilient. (AC +3)
You are immune to poison.
You resist negative energy. (rN+)
You are resistant to electric shocks. (rElec)
You are resistant to unholy torment.
You are immune to petrification.


   Skills:
 - Level 3.2 Fighting
 + Level 3.3 Axes
 - Level 3.2 Armour
 - Level 4.5 Shields


You had 3 spell levels left.
You didn't know any spells.
Your spell library was empty.

Inventory:

Hand Weapons
 e - a +0 flail
 Y - a +1 war axe (weapon)
Missiles
 m - 6 boomerangs (quivered)
Armour
 b - the +1 helmet of the Thirsty Servitors {Rampage rElec Dex-2 Stlth+}
   (You took it off Robin on level 2 of the Dungeon)

   Dex:       It affects your dexterity (-2).
   rElec:     It insulates you from electricity.
   Rampage:   It bestows one free step when moving towards enemies.
   Stlth:     It makes you more stealthy.
 h - a +0 chain mail (worn)
 o - a +0 kite shield (worn)
Jewellery
 j - an amulet of the acrobat (around neck)
Scrolls
 a - a scroll of brand weapon {unknown}
 f - a scroll of identify
Potions
 c - a potion of attraction {unknown}
 d - a potion of might
 g - a potion of resistance {unknown}
 i - a potion of heal wounds {unknown}
 k - a potion of mutation {unknown}
 l - a potion of enlightenment {unknown}
 p - a potion of cancellation {unknown}

Dungeon Overview and Level Annotations

Branches:
Dungeon (2/15)

Altars:

Shops:
D:1 (

Annotations:
D:2 Sigmund


Message History

Deactivating autopickup; reactivate with Ctrl-A.
You miss something. Something completely misses you.
You closely miss something. Something hits you but does no damage.
You hit something.
You hear a zap.
A puff of flame appears from out of thin air!
The puff of flame hits you but does no damage.
You closely miss something.
You hear a zap.
A puff of flame appears from out of thin air!
The puff of flame hits you! Something hits you.
You barely miss something.
You hear a zap.
A puff of flame appears from out of thin air!
The puff of flame hits you!
You hit something but do no damage. Something hits you.
You hit something but do no damage.
You hear a zap.
A puff of flame appears from out of thin air!
You block the puff of flame.
You miss something. Something hits you but does no damage.
You closely miss something.
You hear some strange, mumbled words.
A magic dart appears from out of thin air!
The magic dart hits you.
You hit something. Something hits you but does no damage.
You hit something.
You hear a zap.
A puff of flame appears from out of thin air!
The puff of flame misses you. Something hits you.
You slash something! You block something's attack.
You barely miss something. Something hits you.
You die...

#......%... ...#.##.#.#
#.......##. #.......###
### # ###...### #
####..#. #...# #
.?....##### #...# #
#..{....# #...#
##)#@###<####...#####
#....................
......#.................
#.###.#.#...............
#.......###.####.%.#####
#####.......#.......#
##.######.##...%# #.
#.##....# ..
#####.##....#


There were no monsters in sight!

Vanquished Creatures
  Terence (D:2)
  Robin (D:2)
  2 adders (D:2)
  3 bats
  2 endoplasms
  2 giant cockroaches (D:1)
  5 goblins
  5 hobgoblins
  3 jackals (D:2)
  2 quokkas
  2 kobolds
  2 rats (D:2)
30 creatures vanquished.

Notes
Turn   | Place    | Note
-------+----------+-------------------------------------------
     0 | D:1      | qw the Gargoyle Fighter began the quest for the Orb.
     0 | D:1      | Reached XP level 1. HP: 14/14 MP: 1/1
     0 | D:1      | 0 ||| qw: Version: 0.3-a-26-gee661ec
     0 | D:1      | 0 ||| qw: Game counter: 7165
     0 | D:1      | 0 ||| qw: Melee chars always use a shield: true
     0 | D:1      | 0 ||| qw: God list: Okawaru
     0 | D:1      | 0 ||| qw: Allow faded altars: false
     0 | D:1      | 0 ||| qw: Do Orc after clearing Dungeon:15 true
     0 | D:1      | 0 ||| qw: Do second Lair branch before Depths: true
     0 | D:1      | 0 ||| qw: Lair rune preference: random
     0 | D:1      | 0 ||| qw: Goals: Normal, Zot:1-4, Slime:5, God:TSO, Crypt,
                  | Tomb, Abyss, Pan, Hells, Win
     0 | D:1      | 0 ||| PLANNING D:1-11
   278 | D:1      | Found a faded altar of an unknown god.
   305 | D:1      | Reached XP level 2. HP: 13/19 MP: 2/2
   349 | D:1      | Found Gunedas's Weapon Boutique.
   685 | D:1      | 685 ||| Stepping ~*~*~tactically~*~*~ (stealth).
   878 | D:1      | 878 ||| UPGRADING to +0 chain mail.
   888 | D:1      | 888 ||| DROPPING +0 scale mail.
   889 | D:1      | 889 ||| UPGRADING to +0 kite shield.
   899 | D:1      | 899 ||| DROPPING +0 buckler.
   900 | D:1      | 900 ||| UPGRADING to amulet of the acrobat.
   905 | D:1      | 905 ||| READING scroll labelled ORAPLU AFEHU.
   906 | D:1      | 906 ||| READING scroll labelled BIRISU EXENON.
   907 | D:1      | 907 ||| DRINKING 2 bubbling cyan potions.
   989 | D:2      | Reached skill level 3 in Axes
   989 | D:2      | Reached XP level 3. HP: 23/23 MP: 3/3
  1129 | D:2      | Noticed Terence
  1136 | D:2      | Killed Terence
  1137 | D:2      | Reached skill level 4 in Shields
  1137 | D:2      | Reached XP level 4. HP: 19/28 MP: 4/4
  1170 | D:2      | Identified the +1 helmet of the Thirsty Servitors {Rampage
                  | rElec Dex-2 Stlth+}
  1170 | D:2      | Noticed Robin
  1171 | D:2      | 1171 ||| Stepping ~*~*~tactically~*~*~ (stealth).
  1176 | D:2      | Killed Robin
  1284 | D:2      | Noticed Sigmund
  1289 | D:2      | 1289 ||| DRINKING potion of curing.
  1289 | D:2      | 1289 ||| (to cure confusion)
  1295 | D:2      | HP: 4/28 [something (6)]
  1300 | D:2      | HP: 1/28 [something (4)]
  1302 | D:2      | Slain by Sigmund

Levels and vault maps discovered:
D:1:      eino_arrival_water_star, layout_loops_ring,
          ebering_ecumenical_altar_petrified, serial_shops, shop,
          supply_closet_lemuel, chequers_serial_rivers_micro_b
D:2:      layout_loops_cross, basic_altar, serial_shops, shop, uniq_sigmund,
          uniq_crazy_yiuf_cottage, uniq_terence, uniq_robin

Skill      XL: |  1  2  3 |
---------------+----------+-----
Axes           | 2 3 |  3.3
Shields        | 4 |  4.5
Fighting       | |  3.2
Armour         | |  3.2

Action                     |  1- 3 |  4- 6 || total
---------------------------+-------+-------++-------
  Melee: War axe           |    64 |    32 ||    96
  Throw: Boomerang         |    36 |       ||    36
    Use: Scroll            |     2 |       ||     2
         Potion            |     1 |     1 ||     2
 Armour: Scale mail        |    28 |       ||    28
         Chain mail        |    14 |    20 ||    34
  Dodge: Dodged            |    27 |     8 ||    35
  Block: Buckler           |     7 |       ||     7
         Kite shield       |    10 |    13 ||    23

Table legend:
 A = Non-vault XP
 B = Vault XP
 C = Vault XP percentage of total XP
 D = Non-vault monster count
 E = Vault monster count
 F = Vault count percentage of total count
                 A         B        C        D         E       F
            +---------+---------+-------+---------+---------+-------
      Total |      63 |      63 |  50.0 |      22 |       8 |  26.7
            +---------+---------+-------+---------+---------+-------
        D:1 |      20 |       0 |   0.0 |      11 |       0 |   0.0
        D:2 |      43 |      63 |  59.4 |      11 |       8 |  42.1
            +---------+---------+-------+---------+---------+-------
